 Dungeon Crawl Stone Soup version 0.31-a0-931-g7b59d4eb97 (webtiles) character file.

Game seed: 4007480007697090265

378 Persephone the Ruffian (level 6, -15/42 HPs)
             Began as a Draconian Shapeshifter on Oct 19, 2023.
             Killed from afar by a gargoyle (21 damage)
             ... with a stone arrow
             ... in a bailey.
             The game lasted 00:03:54 (3009 turns).

Persephone the Ruffian (Draconian Shapeshifter)     Turns: 3009, Time: 00:03:55

Health: -15/42     AC:  6    Str: 18    XL:     6   Next: 45%
Magic:  6/6        EV: 12    Int: 14    God:
Gold:   174        SH:  0    Dex:  9    Spells: 5/5 levels left

rFire   . .          .
                       - Unarmed
rCold   . . .        (no shield)
rNeg    . . .        (body armour unavailable)
rPois   .            (helmet currently unavailable)
rElec   .            (cloak currently unavailable)
rCorr   .            (gloves currently unavailable)
SInv    .            (boots currently unavailable)
Will    .....        (no amulet)
Stlth   +            (no ring)
HPRegen 0.27/turn    (no ring)
MPRegen 0.10/turn

%: clarity
@: beast-form
A: beast (slay +3), AC +6, unfitting armour, cold-blooded, clarity, clever 1,
frail 1
a: Begin Untransformation


You were in a bailey.
You were a hulking beast.
You visited 1 branch of the dungeon, and saw 5 of its levels.
You also visited: Bailey.

You collected 174 gold pieces.

Inventory:

Talismans
 b - a beast talisman (active)
 c - a flux talisman
 k - a serpent talisman
Scrolls
 d - a scroll of revelation {unknown}
 e - a scroll of immolation {unknown}
 f - a scroll of acquirement {unknown}
 g - 2 scrolls of identify {unknown}
 j - a scroll of amnesia {unknown}
 m - a scroll of fear {unknown}
 n - a scroll of poison {unknown}
 o - a scroll of brand weapon {unknown}
 q - a scroll of teleportation {unknown}
Potions
 a - a potion of lignification
 h - a potion of curing {unknown}
 i - a potion of mutation
 l - 2 potions of magic {unknown}
 p - a potion of heal wounds {unknown}
 r - a potion of ambrosia {unknown}


   Skills:
 - Level 1.1 Fighting
 - Level 1.7 Dodging
 + Level 5.6 Unarmed Combat
 + Level 5.2 Shapeshifting


You had 5 spell levels left.
You didn't know any spells.
Your spell library was empty.

Dungeon Overview and Level Annotations

Branches:
Dungeon (7/15)             Bailey (1/1)
 Temple: D:4-7

Altars:
Cheibriados


Innate Abilities, Weirdness & Mutations

You are a hulking beast.
Your limbs bulge with bestial killing power. (Slay +3)
Your plain brown scales are hard. (AC +6)
You cannot fit into any form of body armour.
You are cold-blooded and may be slowed by cold attacks.
You possess an exceptional clarity of mind.
Your mind is acute. (Int +4, Str/Dex -1)
You are frail. (-10% HP)


Message History

The orc zombie is almost destroyed.
The orc zombie barely misses you.
You barely miss the orc zombie.
The orc zombie is almost destroyed.
You punch the orc zombie!
You destroy the orc zombie!
No target in view!
No target in view!
No target in view!
No target in view!
No target in view!
A gargoyle comes into view. It is wielding a +0 flail.
You punch the gargoyle!
The gargoyle is moderately damaged.
The gargoyle hurls a stone arrow at you.
The stone arrow misses you.
You hit the gargoyle but do no damage.
The gargoyle is moderately damaged.
The gargoyle hits you with a +0 flail!
You barely miss the gargoyle. You tail-slap the gargoyle.
The gargoyle is moderately damaged.
The gargoyle hits you with a +0 flail!
You hit the gargoyle.
You tail-slap the gargoyle, but do no damage.
You punch the gargoyle, but do no damage.
The gargoyle is moderately damaged.
The gargoyle closely misses you.
You barely miss the gargoyle.
The gargoyle is moderately damaged.
The gargoyle hits you with a +0 flail!!
* * * LOW HITPOINT WARNING * * *
You barely miss the gargoyle.
The gargoyle is moderately damaged.
The gargoyle closely misses you.
It was a potion of mutation.
You feel extremely strange.
Your thoughts seem clearer.
You feel clever.
You feel frail.
The gargoyle hurls a stone arrow at you.
The stone arrow hits you!!
Ouch! That really hurt!
You die...

##########
#8......8#
##...h9...#
##...#######
#++##...##....8#
........#......#
...............#
########....#...#
#8.....##..##...+
#.......####....+
#..♣.....#...####


You could see a gargoyle.

Vanquished Creatures
  A sky beast (D:7)
  A scorpion (D:4)
  Jessica (D:2)
  Natasha (thrice) (D:2)
  5 adders
  2 worms
  2 dart slugs
  3 orcs
  4 ball pythons
  10 endoplasms
  2 giant cockroaches
  5 goblins
  3 hobgoblins
  2 jackals (D:3)
  5 kobolds
  2 quokkas
  6 bats
  3 frilled lizards
  6 orc zombies (Bailey)
  7 rats
73 creatures vanquished.

Notes
Turn   | Place    | Note
-------+----------+-------------------------------------------
     0 | D:1      | Persephone the Draconian Shapeshifter began the quest for
                  | the Orb.
     0 | D:1      | Reached XP level 1. HP: 16/16 MP: 1/1
   248 | D:1      | Reached XP level 2. HP: 16/23 MP: 2/2
  1005 | D:2      | Reached XP level 3. HP: 23/28 MP: 3/3
  1471 | D:2      | Noticed Natasha
  1477 | D:2      | Killed Natasha
  1478 | D:2      | Reached XP level 4. HP: 35/35 MP: 4/4
  1512 | D:2      | Noticed Natasha
  1519 | D:2      | Killed Natasha
  1520 | D:2      | Noticed Natasha
  1535 | D:2      | Killed Natasha
  1848 | D:2      | Noticed Jessica
  1863 | D:2      | Killed Jessica
  1864 | D:2      | Reached XP level 5. HP: 31/40 MP: 5/5
  2346 | D:3      | Found a snail-covered altar of Cheibriados.
  2698 | D:4      | Reached skill level 5 in Unarmed Combat
  2698 | D:4      | Reached XP level 6. HP: 37/47 MP: 6/6
  2766 | D:4      | You fall into a shaft and drop 3 floors!
  2766 | D:7      | Identified the of Esihedib
  2780 | D:7      | Noticed a sky beast
  2796 | D:7      | Killed a sky beast
  2797 | D:7      | Reached skill level 5 in Shapeshifting
  2872 | D:7      | Found a flagged portal.
  2879 | Bailey   | Entered a bailey
  3000 | Bailey   | Noticed a gargoyle
  3009 | Bailey   | Gained mutation: You possess an exceptional clarity of
                  | mind. [potion of mutation]
  3009 | Bailey   | Gained mutation: Your mind is acute. (Int +4, Str/Dex -1)
                  | [potion of mutation]
  3009 | Bailey   | Gained mutation: You are frail. (-10% HP) [potion of
                  | mutation]
  3009 | Bailey   | Killed from afar by a gargoyle

Illustrated notes

Levels and vault maps discovered:
D:1:      eino_arrival_cavern_e, layout_loops_corners, minmay_gold_behind_fungi,
          grunt_decor_cap
D:2:      layout_basic, hangedman_decor_points, uniq_jessica, uniq_natasha
D:3:      layout_rooms, cheibriados_altar_1
D:4:      layout_cave_pools, mainiacjoe_overflow_tiny_flanked,
          mainiacjoe_overflow_alcove_2, serial_column_ruins, column_ruins_hut,
          column_ruins_open_tiny, column_ruins_open_tiny,
          column_ruins_open_small_water, column_ruins_corridor_straight,
          minivault_26
D:7:      layout_cave_pods, pf_just_have_faith, enter_bailey_2,
          dk_noncrumbling_4, skrybe_limestone_x
Bailey:   bailey_polearm_vampire_castle_hellmonk, bailey

Skill      XL: |  1  2  3  4  5  6 |
---------------+-------------------+-----
Unarmed Combat | 4 5 |  5.6
Shapeshifting  | 4 5 |  5.2
Fighting       | |  1.1
Dodging        | |  1.7

Action                     |  1- 3 |  4- 6 || total
---------------------------+-------+-------++-------
  Melee: Unarmed           |    75 |   162 ||   237
         Tailslap          |    10 |    21 ||    31
         Punch             |       |     4 ||     4
    Use: Potion            |       |     1 ||     1
   Stab: Sleeping          |     1 |       ||     1
 Armour: Skin              |    28 |    79 ||   107
  Dodge: Dodged            |    30 |    84 ||   114

Table legend: (Time is in decaauts)
 A = Elapsed time spent in this place.
 B = Non-inter-level travel time spent in this place.
 C = Inter-level travel time spent in this place.
 D = Time resting spent in this place.
 E = Time spent auto-exploring this place.
 F = Levels seen in this place.
 G = Mean time per level.
                   A        B        C        D        E       F      G
               +--------+--------+--------+--------+--------+-----+--------+
         Total |   3001 |   2914 |     87 |      0 |   2381 |   6 |  500.2 |
       Dungeon |   2875 |   2788 |     87 |      0 |   2324 |   5 |  575.0 |
        Bailey |    126 |    126 |      0 |      0 |     57 |   1 |  126.0 |
               +--------+--------+--------+--------+--------+-----+--------+

Top non-repeatable levels by time:
     D:2: 1157 daAuts
     D:1: 937 daAuts
     D:3: 587 daAuts
  Bailey: 126 daAuts
     D:7: 111 daAuts
     D:4: 80 daAuts
